 Dungeon Crawl Stone Soup version 0.27-a0-1565-gad902ab807 (webtiles) character file.

Game seed: 16289589927975806494

7157 gruber the Blocker (level 10, -5/93 HPs)
             Began as a Minotaur Fighter on July 17, 2021.
             Was a Follower of Ru.
             Slain by a yak (9 damage)
             ... on level 10 of the Dungeon.
             The game lasted 00:13:12 (11224 turns).

gruber the Blocker (Minotaur Fighter)              Turns: 11224, Time: 00:13:13

Health: -5/93      AC: 11    Str: 24    XL:     10   Next: 86%
Magic:  0/9        EV:  7    Int: 13    God:    Ru [*.....]
Gold:   389        SH:  0    Dex: 10    Spells: 7/9 levels left

rFire    . . .     SeeInvis .   K - +2 mace (vorpal)
rCold    . . .     Faith    .   c - +0 kite shield
rNeg     + . .     Spirit   +   G - +0 acid dragon scales
rPois    +         Reflect  .   (helmet restricted)
rElec    .         Harm     .   J - +1 cloak
rCorr    +         Rampage  .   (no gloves)
Will     .....                  (no boots)
Stlth    ..........             w - amulet of Loiporey {Spirit rPois rN+ Will- Int+8}
HPRegen  0.25/turn              i - ring of wizardry
MPRegen  0.11/turn              (no ring)

@: confused
A: horns 2, reduced EV 1, retaliatory headbutt
a: Renounce Religion


You were on level 10 of the Dungeon.
You worshipped Ru.
Ru was aware of your devotion.
You visited 1 branch of the dungeon, and saw 10 of its levels.

You collected 539 gold pieces.
You spent 150 gold pieces at shops.

Inventory:

Hand Weapons
 A - a +1 morningstar
 K - a +2 vorpal mace (weapon)
Missiles
 q - 7 curare-tipped darts
 D - 3 atropa-tipped darts
 L - 13 poisoned darts (quivered)
Armour
 c - a +0 kite shield (worn)
 y - a +1 ring mail of poison resistance
 G - +0 acid dragon scales (worn)
 J - a +1 cloak (worn)
Jewellery
 a - an amulet of magic regeneration
 i - a ring of wizardry (left hand)
 n - the ring "Nikin" {Drain rElec rC- Will+ Int+7}
   (You took it off a gnoll shaman on level 5 of the Dungeon)

   [ring of willpower]

   Int:       It affects your intelligence (+7).
   rC:        It makes you vulnerable to cold.
   rElec:     It insulates you from electricity.
   Drain:     It drains your maximum health when unequipped.
   Will:      It increases your willpower.
 w - the amulet of Loiporey (around neck) {Spirit rPois rN+ Will- Int+8}
   (You bought it in a shop on level 7 of the Dungeon)

   [amulet of guardian spirit]

   It causes incoming damage to be divided between your reserves of health and
   magic.
   Int:       It affects your intelligence (+8).
   rPois:     It protects you from poison.
   rN:        It protects you from negative energy.
   Will:      It decreases your willpower.
 M - a +6 ring of intelligence
Wands
 l - a wand of flame (21)
 m - a wand of iceblast (8)
 N - a wand of acid (10)
Scrolls
 b - a scroll of vulnerability {unknown}
 e - 3 scrolls of noise {unknown}
 g - 2 scrolls of fear {unknown}
 h - a scroll of enchant weapon {unknown}
 p - a scroll of amnesia {unknown}
 r - 4 scrolls of identify {unknown}
 t - a scroll of fog {unknown}
 u - a scroll of teleportation {unknown}
 z - 2 scrolls of blinking {unknown}
 B - a scroll of immolation {unknown}
 I - a scroll of silence {unknown}
Potions
 d - a potion of might
 f - a potion of resistance
 j - a potion of berserk rage
 k - a potion of ambrosia {unknown}
 o - 3 potions of curing {unknown}
 s - a potion of flight {unknown}
 v - a potion of invisibility {unknown}
 x - a potion of brilliance {unknown}
 C - a potion of heal wounds {unknown}
 E - a potion of lignification {unknown}
 F - a potion of haste {unknown}
 H - a potion of cancellation {unknown}


   Skills:
 - Level 10.0 Fighting
 - Level 9.2 Maces & Flails
 - Level 10.0 Armour
 + Level 6.4 Dodging
 + Level 10.6 Shields


You had 7 spell levels left.
You knew the following spells:

 Your Spells              Type           Power      Damage    Failure   Level
a - Wereblood             Tmut           0%         N/A       36%         2

Your spell library contained the following spells:

 Spells                   Type           Power      Damage    Failure   Level
 Beastly Appendage        Tmut           0%         N/A       26%         1
 Sting                    Tmut/Pois      0%         1d3       26%         1
 Poisonous Vapours        Pois/Air       0%         N/A       36%         2
 Ignite Poison            Fire/Tmut/Pois 0%         N/A       58%         3
 Mephitic Cloud           Conj/Pois/Air  0%         N/A       58%         3
 Spider Form              Tmut/Pois      0%         N/A       58%         3
 Olgreb's Toxic Radiance  Pois           0%         N/A       92%         4
 Bolt of Magma            Conj/Fire/Erth 0%         4d4       99%         5


Dungeon Overview and Level Annotations

Branches:
Dungeon (10/15)            Temple (0/1) D:7             Orc (0/2) D:9
   Lair: D:8-11

Altars:
Cheibriados
Makhleb
Nemelex Xobeh
Ru
Sif Muna
Uskayaw
Vehumet
Wu Jian
Xom
Yredelemnul
The Shining One

Shops:
D:7 *   D:10 *

Portals:
Abyss: D:9

Annotations:
D:7 2 transporters, 4 runed translucent doors, Xoff's ghost, novice GnFi
D:8 1 runed translucent door
D:9 2 transporters, fpsbossfight's ghost, novice DsGl


Innate Abilities, Weirdness & Mutations

You have a pair of horns on your head.
You have somewhat slow reflexes. (EV -5)
You reflexively headbutt those who attack you in melee.


Message History

You sock the yak! You headbutt the yak.
The yak is almost dead.
You block the orc's attack.
The orc wizard casts a spell.
The orc wizard flickers and vanishes!
The yak gores you. The yak gores you but does no damage.
The orc hits you but does no damage.
You closely miss the yak. You headbutt the yak, but do no damage.
The yak is almost dead.
The yak gores you! The yak gores you. You block the orc's attack.
You sock the yak!
You kill the yak!
The yak gores you.
* * * LOW HITPOINT WARNING * * *
You block the orc's attack.
You hit the yak. You headbutt the yak!
The yak is moderately wounded.
The yak barely misses you. You furiously retaliate!
You headbutt the yak!
You kill the yak!
The orc hits you but does no damage. You block the yak's attack.
You hit the yak but do no damage. You headbutt the yak, but do no damage.
The yak is moderately wounded.
You block the orc's attack. The yak barely misses you.
You hit the yak. Your headbutt misses the yak.
The yak is heavily wounded.
You hear some strange, mumbled words.
You are confused.
The orc hits you but does no damage. The yak gores you!
* * * LOW HITPOINT WARNING * * *
You barely miss the yak.
The yak is heavily wounded.
The orc hits you but does no damage. The yak gores you but does no damage.
The orc hits you but does no damage.
You bump into the rock wall.
Something hits you but does no damage. The yak gores you!
* * * LOW HITPOINT WARNING * * *
The orc barely misses you.
You miss the orc. Something hits you.
* * * LOW HITPOINT WARNING * * *
The yak gores you!
You die...

##+####.... #.....## ......+...#
#......# #...#.#...+ #......#
#._.#.#...#..# #......#
#...#.#...#..### #.....##
......'>..#....##+## #.....##
##+####...#....##..#######......#
+.......#....#....#....#......#
#.......+....'@o..#....#......#
###............{#Y###...##......#
....#####..#.#..#†###...##......#
.... #.#...#.....Y...........#
... #...∩.........Y.Y.......# ..
#.#...#..)........(.....# ..
#..#.#...)..............# ..
#.......#'########......# ..
#...#...#.## #......#


You could see a yak and an orc.

Vanquished Creatures
  A boulder beetle (D:10)
  A shadow (D:9)
  3 wyverns
  8 yaks
  A steam dragon (D:8)
  2 acid dragons
  2 water moccasins (D:6)
  The ghost of ipx the Digger, an amateur DEEE (D:4)
  2 ice beasts
  5 orc warriors
  2 sky beasts
  3 black bears
  2 centaurs
  An ogre (D:5)
  2 phantoms
  A bullfrog (D:8)
  4 kobold brigands
  A gnoll sergeant (D:9)
  A water moccasin zombie (D:5)
  2 water moccasin skeletons
  6 killer bees
  5 wights (D:7)
  2 electric eels (D:9)
  A bullfrog zombie (D:7)
  3 centaur zombies
  2 centaur skeletons (D:6)
  4 hounds
  6 jellies
  8 orc priests
  2 gnoll shamans
  A bullfrog skeleton (D:6)
  3 iguanas
  9 orc wizards
  8 gnolls
  4 adders
  A howler monkey skeleton (D:6)
  A river rat (D:5)
  3 ufetubi
  3 worms
  A dart slug (D:1)
  30 orcs
  6 bats
  8 endoplasms
  5 giant cockroaches
  9 goblins
  5 hobgoblins
  7 jackals
  3 quokkas
  10 ball pythons
  5 frilled lizards
  16 kobolds
  A rat (D:1)
223 creatures vanquished.

Notes
Turn   | Place    | Note
-------+----------+-------------------------------------------
     0 | D:1      | gruber the Minotaur Fighter began the quest for the Orb.
     0 | D:1      | Reached XP level 1. HP: 19/19 MP: 0/0
   224 | D:1      | Reached XP level 2. HP: 26/26 MP: 1/1
   583 | D:1      | Reached XP level 3. HP: 28/31 MP: 2/2
  1166 | D:2      | Reached skill level 5 in Maces & Flails
  1245 | D:2      | Found a faded altar of an unknown god.
  1470 | D:2      | Reached XP level 4. HP: 37/39 MP: 3/3
  1901 | D:3      | Found a snail-covered altar of Cheibriados.
  2359 | D:3      | Found a shimmering blue altar of Sif Muna.
  2422 | D:3      | Found a sacrificial altar of Ru.
  2570 | D:4      | Found a runed translucent door.
  2720 | D:4      | Reached XP level 5. HP: 42/45 MP: 4/4
  2793 | D:3      | Became a worshipper of Ru the Awakened
  2803 | D:4      | Noticed a phantom
  2808 | D:4      | Killed a phantom
  2949 | D:4      | Reached XP level 6. HP: 37/51 MP: 5/5
  3423 | D:4      | Noticed ipx's ghost (amateur DEEE)
  3432 | D:5      | Entered Level 5 of the Dungeon
  3615 | D:5      | Noticed a sky beast
  3628 | D:5      | Killed a sky beast
  3688 | D:5      | Found a radiant altar of Vehumet.
  3886 | D:5      | Reached XP level 7. HP: 57/57 MP: 6/6
  3987 | D:5      | Found a glowing golden altar of the Shining One.
  4002 | D:5      | Identified the ring "Nikin" {Drain rElec rC- Will+ Int+7}
  4323 | D:5      | Found a shimmering altar of Xom.
  4350 | D:5      | Reached skill level 5 in Fighting
  4717 | D:6      | Reached XP level 8. HP: 68/74 MP: 7/7
  4733 | D:5      | Learned a level 2 spell: Wereblood
  5250 | D:6      | Reached skill level 10 in Fighting
  5309 | D:6      | Found an ornate altar of the Wu Jian Council.
  5341 | D:6      | Gained mutation: You have somewhat slow reflexes. (EV -5)
                  | [Ru sacrifice]
  5341 | D:6      | Reached * piety under Ru
  5659 | D:7      | Found a staircase to the Ecumenical Temple.
  5678 | D:7      | Reached skill level 1 in Dodging
  5715 | D:7      | Noticed a deep elf pyromancer
  5720 | D:7      | Found a transporter.
  5732 | D:7      | Found a transporter.
  5732 | D:7      | Noticed Xoff's ghost (novice GnFi)
  5783 | D:7      | Found a large runed translucent door.
  5799 | D:7      | Found Ynugemp's Assorted Antiques.
  5804 | D:7      | Bought a slimy sapphire amulet for 150 gold pieces
  5804 | D:7      | Identified the amulet of Loiporey {Spirit rPois rN+ Will-
                  | Int+8} (You bought it in a shop on level 7 of the Dungeon)
  5841 | D:7      | Found a large runed translucent door.
  5873 | D:7      | Reached skill level 5 in Armour
  5880 | D:7      | Reached XP level 9. HP: 39/85 MP: 6/8
  6106 | D:7      | Found a large runed translucent door.
  6106 | D:7      | Found a large runed translucent door.
  6126 | D:7      | Reached skill level 5 in Shields
  7259 | D:4      | Killed ipx's ghost
  7461 | D:7      | HP: 4/127 [killer bee (6)]
  8293 | D:8      | Found a hide-covered altar of Uskayaw.
  8321 | D:8      | Found a runed translucent door.
  8322 | D:8      | Found a burning altar of Makhleb.
  8322 | D:8      | Noticed a sixfirhy
  8330 | D:8      | Reached XP level 10. HP: 93/93 MP: 9/9
  9154 | D:9      | Found a transporter.
  9162 | D:9      | Noticed a hell hog
  9162 | D:9      | Noticed a soul eater
  9178 | D:9      | Found a one-way gate to the infinite horrors of the Abyss.
  9178 | D:9      | Noticed fpsbossfight's ghost (novice DsGl)
  9178 | D:9      | Noticed a toenail golem
  9179 | D:9      | Noticed a wizard
  9639 | D:9      | Reached skill level 10 in Armour
 10174 | D:9      | Reached skill level 5 in Dodging
 10305 | D:9      | Found a staircase to the Orcish Mines.
 10462 | D:9      | Found a sparkling altar of Nemelex Xobeh.
 10492 | D:9      | Found a transporter.
 10589 | D:10     | Entered Level 10 of the Dungeon
 10634 | D:10     | Noticed a boulder beetle
 10645 | D:10     | Killed a boulder beetle
 10662 | D:10     | Reached skill level 10 in Shields
 11052 | D:10     | Found a basalt altar of Yredelemnul.
 11061 | D:10     | Found Exkav's Overcharged Wands.
 11224 | D:10     | HP: 4/93 [something (1)]
 11224 | D:10     | Slain by a yak

Illustrated notes

Levels and vault maps discovered:
D:1:      psy_arrival_terrarium, layout_loops_corners
D:2:      layout_basic, hellmonk_ecumenical_altar_heavens_door
D:3:      layout_loops_cross, lemuel_doored_altar, mainiacjoe_overflow_paths,
          mainiacjoe_overflow_small_starburst
D:4:      layout_cave_pods, ebering_ghost_reflecting_pool
D:5:      layout_gridville, tso_altar, nicolae_vehumet_altar_sigil, tgw_xom,
          portal_sewer_entry_b, hangedman_abyss_or_decor_stabs
D:6:      layout_gridville, nzn_wu_jian_contemplation, serial_glass,
          glass_columns_a, glass_columns_c, minmay_starry_boxes
D:7:      layout_loops_ring, minmay_temple_entry_mist, serial_shops,
          kennysheep_little_box, gammafunk_ghost_arena,
          minmay_hollow_rounded_squares
D:8:      layout_cave_pools, eat_drink_and_be_merry_uskayaw,
          nzn_makhleb_speed_demon, grunt_ministairs_9
D:9:      layout_long_grid, nemelex_diamond_rough_becter, erik_orc_2,
          gammafunk_ghost_abyssal_escape
D:10:     layout_gridville, mainiacjoe_overflow_six_doors_small,
          nicolae_qazlal_eye_of_the_storm, nicolae_shop_overcharged_wands

Skill      XL: |  1  2  3  4  5  6  7  8  9 10 |
---------------+-------------------------------+-----
Maces & Flails | 3 4 5 6 7 9 |  9.2
Fighting       | 7 10 | 10.0
Armour         | 5 9 10 | 10.0
Dodging        | 1 3 6 |  6.4
Shields        | 4 7 10 | 10.6

Action                   |  1- 3 |  4- 6 |  7- 9 | 10-12 || total
-------------------------+-------+-------+-------+-------++-------
Melee: Flail             |   103 |   107 |   194 |       ||   404
       Headbutt          |    14 |    14 |    66 |    45 ||   139
       Morningstar       |       |       |    99 |    83 ||   182
       Mace              |       |       |       |   112 ||   112
Throw: Dart              |       |       |       |    16 ||    16
Invok: Sacrifice Health  |       |       |     1 |       ||     1
       Reject Sacrifices |       |       |       |     1 ||     1
  Use: Potion            |       |       |     2 |       ||     2
 Stab: Distracted        |       |       |     1 |       ||     1
Armor: Scale mail        |    52 |    49 |   138 |       ||   239
       Acid dragon scale |       |       |       |    67 ||    67
Dodge: Dodged            |    42 |    31 |    64 |    27 ||   164
Block: Kite shield       |    48 |    70 |   170 |   110 ||   398

Table legend: (Time is in decaauts)
 A = Elapsed time spent in this place.
 B = Non-inter-level travel time spent in this place.
 C = Inter-level travel time spent in this place.
 D = Time resting spent in this place.
 E = Time spent auto-exploring this place.
 F = Levels seen in this place.
 G = Mean time per level.
                   A        B        C        D        E       F      G
               +--------+--------+--------+--------+--------+-----+--------+
         Total |  11397 |  10942 |    455 |    700 |   8395 |  10 | 1139.7 |
       Dungeon |  11397 |  10942 |    455 |    700 |   8395 |  10 | 1139.7 |
               +--------+--------+--------+--------+--------+-----+--------+

Top non-repeatable levels by time:
     D:7: 2045 daAuts
     D:9: 1985 daAuts
     D:6: 1135 daAuts
     D:4: 1036 daAuts
     D:1: 1014 daAuts
     D:5: 994 daAuts
     D:2: 886 daAuts
     D:8: 885 daAuts
     D:3: 776 daAuts
    D:10: 638 daAuts
